 Dungeon Crawl Stone Soup version 0.20.1-1-g8b1a95d (webtiles) character file.

18827 atranquilsea the Carver (level 12, 0/104 HPs)
             Began as a Red Draconian Fighter on Oct 19, 2017.
             Was a High Priest of the Shining One.
             Slain by a freezing wraith (12 damage)
             ... led by a death knight
             ... on level 11 of the Dungeon.
             The game lasted 01:23:28 (17423 turns).

atranquilsea the Carver (Red Draconian Fighter)    Turns: 17423, Time: 01:23:29

Health: 0/104      AC:  6    Str: 24    XL:     12   Next: 31%
Magic:  0/13       EV: 18    Int: 11    God:    the Shining One [*****.]
Gold:   530        SH: 16    Dex: 22    Spells: 11/11 levels left

rFire    + . .     SeeInvis .   c - +1 falchion (holy)
rCold    . . .     Gourm    .   b - +3 shield
rNeg     + + .     Faith    .   (armour unavailable)
rPois    .         Spirit   +   (helmet restricted)
rElec    .         Reflect  .   D - scarf {Spirit}
rCorr    +         Harm     .   P - +1 pair of gloves
MR       .....                  y - -5 pair of boots "Okkolu" {*Contam Int+3 Dex+7}
Stlth    +.........             h - amulet of rage
Regen    0.0/turn               B - ring of resist corrosion
MPRegen  0.2/turn               (no ring)

@: short of breath, hasted and slowed, glowing
A: breathe fire, unfitting armour, claws 1, agile 2, fire resistance 1,
inhibited regeneration, cold-blooded, AC +8
a: Breathe Fire, Divine Shield, Cleansing Flame, Summon Divine Warrior, Renounce
Religion, Evoke Berserk Rage


You were on level 11 of the Dungeon.
You worshipped the Shining One.
The Shining One was extremely pleased with you.
You were not hungry.

You visited 3 branches of the dungeon, and saw 16 of its levels.

You collected 801 gold pieces.
You spent 271 gold pieces at shops.

Inventory:

Hand Weapons
 a - a +3 long sword
 c - a +1 falchion of holy wrath (weapon)
 x - a +3 rapier of flaming
Missiles
 l - 4 javelins (quivered)
 L - 7 tomahawks
Armour
 b - a +3 shield (worn)
 y - the -5 pair of boots "Okkolu" (worn) {*Contam Int+3 Dex+7}
   (You bought it in a shop on level 5 of the Dungeon)

   It affects your intelligence (+3).
   It affects your dexterity (+7).
   It causes magical contamination when unequipped.
 D - a scarf of spirit shield (worn)
 P - a +1 pair of gloves (worn)
Jewellery
 h - an amulet of rage (around neck)
 o - an uncursed ring of stealth
 u - an uncursed amulet of magic regeneration
 B - a ring of resist corrosion (left hand)
 J - an uncursed amulet of faith
 Q - an uncursed ring of ice
Wands
 m - a wand of digging (8/24)
 q - a wand of polymorph (16/24)
 s - a wand of paralysis (16/24)
 w - a wand of acid (5/15)
 E - a wand of disintegration (9/24)
 O - a wand of lightning (10/15)
 S - a wand of lightning (6/15)
Scrolls
 g - 7 scrolls of teleportation
 j - 4 scrolls of recharging
 n - 2 scrolls of fog
 r - 5 scrolls of remove curse
 v - 4 scrolls of fear
 R - a scroll of enchant armour
 T - a scroll of amnesia
Potions
 e - 5 potions of curing
 f - a potion of might
 p - 2 potions of cancellation
 t - 2 potions of flight {unknown}
 z - a potion of haste
 A - 4 potions of agility
 C - a potion of magic {unknown}
 F - a potion of invisibility {unknown}
 G - a potion of heal wounds
 H - a potion of brilliance
 K - a potion of berserk rage
Books
 M - a book of Geomancy

   Spells                             Type                      Level
   a - Sandblast                      Earth                        1
   b - Passwall                       Transmutation/Earth          2
   c - Stone Arrow                    Conjuration/Earth            3
   d - Petrify                        Transmutation/Earth          4
   e - Lee's Rapid Deconstruction     Earth                        5
Miscellaneous
 N - a lightning rod (3/4)
Comestibles
 d - 14 bread rations
 i - 6 royal jellies
 k - 4 meat rations


   Skills:
 * Level 9.3 Fighting
 + Level 4.0(8.5) Short Blades
 * Level 11.5(11.8) Long Blades
 * Level 6.1 Throwing
 * Level 7.6 Dodging
 + Level 1.9 Stealth
 * Level 10.1 Shields
 * Level 2.5 Invocations
 + Level 1.1 Evocations


You had 11 spell levels left.
You didn't know any spells.

Dungeon Overview and Level Annotations

Branches:
Dungeon (12/15)            Temple (0/1) D:6            Lair (2/6) D:10
  Snake (0/4) Lair:2          Orc (2/2) D:11
  Swamp: Lair:2-4    Shoals: Lair:2-4       Elf: Orc:2

Altars:
Hepliaklqana
Makhleb
Nemelex Xobeh
Okawaru
Qazlal
Ru
Sif Muna
Uskayaw
Vehumet
Yredelemnul
The Shining One

Shops:
D:5 [   D:8 !:[   Orc:2 *

Annotations:
Lair:2 exclusion: oklob plant


Innate Abilities, Weirdness & Mutations

You can breathe blasts of fire.
Your fiery red scales are hard. (AC +8)
You cannot fit into any form of body armour.
Your flesh is heat resistant. (rF+)
You are cold-blooded and may be slowed by cold attacks.
You have sharp fingernails.
You are very agile. (Dex +4)
You do not regenerate when monsters are visible.


Message History

The freezing wraith is lightly damaged.
The freezing wraith hits you.
* * * LOW HITPOINT WARNING * * *
The freezing wraith freezes you!
You feel yourself slow down.
* * * LOW HITPOINT WARNING * * *
You block the freezing wraith's attack.
You feel yourself speed up.
You feel yourself speed up. The freezing wraith closely misses you.
The freezing wraith hits you.
* * * LOW HITPOINT WARNING * * *
A death knight comes into view. It is wielding a halberd.
The death knight shouts!
You slash the freezing wraith!
The freezing wraith convulses.
You tail-slap the freezing wraith, but do no damage.
The freezing wraith is heavily damaged.
The death knight offers itself to Yredelemnul, and fills with unholy energy.
The freezing wraith hits you.
* * * LOW HITPOINT WARNING * * *
The freezing wraith freezes you!
You feel yourself slow down.
You die...

.(# #####.......#.## #...#
### #.....#.##.....#
#####...#### .#
#.....#.###.#..###...........
.#
#........##....)...........).
.#
#.....#....p...###...........
.# #............###
#####...#### .#
########.###W# #.........# .#
#.# #W# #<........# .#
#.###@# #.........# .###
#.....# ###....##.# ...#
#####)# #....##.# .#.#####
#># #.......# .......#
#######.# ####.###.
##.###.###.......# #####.##.#
##.# #)....#######
####.......## ...# #[#####
#..........#. #### #[#
#.##.##.#...#


You could see a death knight, a freezing wraith and a wraith.

Vanquished Creatures
  An orc warlord (D:11)
  Fannar (D:10)
  A two-headed ogre (D:11)
  An orc sorcerer (Orc:1)
  A black mamba (Lair:2)
  4 spiny frogs
  2 komodo dragons
  A freezing wraith (D:11)
  3 trolls
  3 hippogriffs
  A vampire (D:11)
  7 yaks (Lair:1)
  Eustachio (D:5)
  3 wyverns
  Grum (D:8)
  A warg (D:11)
  8 water moccasins
  The ghost of frouck the Skirmisher, an amateur OgBe of Trog (D:3)
  5 porcupines
  21 orc warriors
  A hornet zombie (D:8)
  4 sky beasts
  2 black bears
  2 ice beasts
  8 ogres
  9 wolves
  3 phantoms
  2 centaurs
  A big kobold (D:8)
  4 crocodiles
  10 bullfrogs
  2 scorpions
  20 killer bees
  9 wights
  3 howler monkeys
  3 crimson imps
  3 centaur zombies
  3 quasits
  4 hounds
  2 centaur skeletons (D:4)
  8 orc priests
  A gnoll shaman (D:5)
  A jelly (D:6)
  13 orc wizards
  2 iguanas
  10 worker ants
  A killer bee zombie (D:9)
  2 hound skeletons
  2 worker ant zombies
  13 gnolls
  A howler monkey skeleton (D:10)
  20 adders
  4 shadow imps
  An ooze (D:2)
  An adder zombie (D:8)
  An adder skeleton (D:9)
  A dart slug (D:1)
  6 leopard geckos
  49 orcs
  3 ball pythons
  5 giant cockroaches
  8 goblins
  7 hobgoblins
  11 jackals
  12 quokkas
  6 bats
  4 frilled lizards
  12 kobolds
  A leopard gecko skeleton (D:6)
  9 rats
377 creatures vanquished.

Vanquished Creatures (others)
  A fungus (Lair:1)
1 creature vanquished.

Grand Total: 378 creatures vanquished

Notes
Turn   | Place    | Note
-------+----------+-------------------------------------------
     0 | D:1      | atranquilsea the Draconian Fighter began the quest for the Orb.
     0 | D:1      | Reached XP level 1. HP: 19/19 MP: 1/1
   209 | D:1      | Reached XP level 2. HP: 20/26 MP: 2/2
   603 | D:2      | Reached XP level 3. HP: 33/33 MP: 3/3
   756 | D:2      | Found a stormy altar of Qazlal.
   868 | D:2      | Found a faded altar of an unknown god.
   868 | D:2      | Found a faded altar of an unknown god.
   873 | D:2      | Found a sparkling altar of Nemelex Xobeh.
   882 | D:2      | Found a hazy altar of Hepliaklqana.
   883 | D:2      | Found a radiant altar of Vehumet.
  1141 | D:2      | Reached skill level 3 in Long Blades
  1225 | D:2      | Gained mutation: Your tail ends in a poisonous barb. [potion of mutation]
  1225 | D:2      | Gained mutation: You do not regenerate when monsters are visible. [potion of mutation]
  1225 | D:2      | Gained mutation: Your muscles are strong. (Str +2) [potion of mutation]
  1226 | D:2      | Lost mutation: Your tail ends in a poisonous barb. [potion of mutation]
  1226 | D:2      | Lost mutation: Your muscles are strong. (Str +2) [potion of mutation]
  1226 | D:2      | Gained mutation: You have sharp fingernails. [potion of mutation]
  1226 | D:2      | Gained mutation: You are agile. (Dex +2) [potion of mutation]
  1226 | D:2      | Gained mutation: You are very agile. (Dex +4) [potion of mutation]
  1411 | D:3      | Reached XP level 4. HP: 40/40 MP: 4/4
  2009 | D:3      | Found an iron altar of Okawaru.
  2011 | D:3      | Noticed frouck's ghost (amateur OgBe)
  2030 | D:3      | Killed frouck's ghost
  2030 | D:3      | Reached skill level 4 in Long Blades
  2030 | D:3      | Reached skill level 1 in Throwing
  2030 | D:3      | Reached XP level 5. HP: 21/46 MP: 5/5
  2480 | D:3      | Reached XP level 6. HP: 41/53 MP: 6/6
  3057 | D:4      | Found a glowing golden altar of the Shining One.
  3066 | D:4      | Became a worshipper of the Shining One
  3116 | D:4      | Reached skill level 1 in Stealth
  3239 | D:5      | Entered Level 5 of the Dungeon
  3334 | D:5      | Your scales start taking on a fiery red colour.
  3334 | D:5      | Reached XP level 7. HP: 28/60 MP: 7/7
  3334 | D:5      | Gained mutation: Your flesh is heat resistant. (rF+) [Red Draconian growth]
  3620 | D:5      | Found Qexutrux's Armour Shop.
  3626 | D:5      | Bought the cursed -5 pair of boots "Okkolu" {*Contam Int+3 Dex+7} for 1 gold piece
  3763 | D:5      | Reached skill level 5 in Long Blades
  3799 | D:5      | Noticed Eustachio
  3813 | D:5      | Killed Eustachio
  3813 | D:5      | Reached skill level 5 in Shields
  3971 | D:5      | Reached skill level 5 in Fighting
  4173 | D:6      | Reached * piety under the Shining One
  4261 | D:6      | Found a deep blue altar of Sif Muna.
  4458 | D:6      | Reached skill level 6 in Long Blades
  4458 | D:6      | Reached XP level 8. HP: 58/68 MP: 5/8
  4822 | D:6      | Found a staircase to the Ecumenical Temple.
  5275 | D:6      | Noticed a hippogriff
  5284 | D:6      | Killed a hippogriff
  5284 | D:6      | Reached skill level 7 in Long Blades
  5903 | D:7      | Reached XP level 9. HP: 52/75 MP: 7/9
  6099 | D:7      | Reached skill level 8 in Long Blades
  6099 | D:7      | Reached skill level 5 in Dodging
  6180 | D:7      | Reached ** piety under the Shining One
  6296 | D:7      | Noticed a dagger
  6297 | D:7      | Found a hide-covered altar of Uskayaw.
  6297 | D:7      | Noticed a dagger
  6976 | D:8      | Reached skill level 9 in Long Blades
  7235 | D:8      | Found a basalt altar of Yredelemnul.
  7315 | D:8      | Found Taaw's Distillery.
  7318 | D:8      | Bought a potion of heal wounds for 75 gold pieces
  7318 | D:8      | Bought 2 potions of heal wounds for 150 gold pieces
  7318 | D:8      | Bought a potion of curing for 45 gold pieces
  7395 | D:8      | Reached XP level 10. HP: 62/84 MP: 8/10
  7613 | D:8      | Reached *** piety under the Shining One
  7623 | D:8      | Found Fewnoreq's Antique Armour Emporium.
  7628 | D:8      | Noticed Grum
  7639 | D:8      | Killed Grum
  7849 | D:8      | Found Gostreu's Book Shoppe.
  8756 | D:9      | Reached skill level 10 in Long Blades
  8937 | D:9      | Noticed a six-headed hydra
  9521 | D:9      | Found a deep blue altar of Sif Muna.
  9613 | D:9      | Noticed a cyclops
  9633 | D:9      | Found a burning altar of Makhleb.
  9730 | D:10     | Entered Level 10 of the Dungeon
 10080 | D:10     | Noticed Fannar
 10091 | D:10     | Killed Fannar
 10160 | D:10     | Found a sacrificial altar of Ru.
 10233 | D:10     | Found a staircase to the Lair.
 10420 | Lair:1   | Entered Level 1 of the Lair of Beasts
 10445 | Lair:1   | You fall through a shaft!
 10470 | Lair:2   | Noticed a spiny frog
 10484 | Lair:2   | Killed a spiny frog
 10609 | Lair:2   | Reached XP level 11. HP: 84/94 MP: 9/11
 10611 | Lair:2   | Found a staircase to the Snake Pit.
 10701 | Lair:2   | Reached **** piety under the Shining One
 10725 | Lair:2   | Reached skill level 1 in Evocations
 10746 | Lair:2   | Reached skill level 5 in Throwing
 10838 | Lair:1   | Reached skill level 1 in Short Blades
 11922 | Lair:1   | Reached skill level 11 in Long Blades
 13212 | Lair:2   | Noticed an oklob plant
 13653 | D:11     | Found a staircase to the Orcish Mines.
 14666 | Orc:1    | Entered Level 1 of the Orcish Mines
 14666 | Orc:1    | Reached ***** piety under the Shining One
 14668 | Orc:1    | Noticed an orc sorcerer
 14683 | Orc:1    | Noticed an orc warlord
 15557 | D:11     | Reached skill level 1 in Invocations
 15679 | D:11     | Reached XP level 12. HP: 104/104 MP: 8/12
 15699 | D:11     | Killed an orc warlord
 17002 | Orc:2    | Entered Level 2 of the Orcish Mines
 17027 | Orc:2    | Reached skill level 10 in Shields
 17034 | Orc:2    | Found Ryckaic's General Store.
 17233 | D:12     | Noticed a two-headed ogre
 17251 | D:11     | Killed a two-headed ogre
 17423 | D:11     | Noticed a death knight
 17423 | D:11     | Slain by a freezing wraith

Skill      XL: |  1  2  3  4  5  6  7  8  9 10 11 12 |
---------------+-------------------------------------+-----
Dodging        | 3 4 5 6 7 |  7.6
Long Blades    | 3 4 6 7 9 10 11 | 11.5
Fighting       | 4 5 6 7 9 |  9.3
Throwing       | 1 2 3 4 5 6 |  6.1
Shields        | 4 5 6 7 8 9 10 | 10.1
Stealth        | 1 |  1.9
Evocations     | 1 |  1.1
Short Blades   | 4 |  4.0
Invocations    | 1 2 |  2.5

Action                   |  1- 3 |  4- 6 |  7- 9 | 10-12 || total
-------------------------+-------+-------+-------+-------++-------
Melee: Long sword        |    97 |    49 |       |       ||   146
       Tailslap          |    16 |    13 |    92 |   179 ||   300
       Falchion          |       |    92 |   371 |   494 ||   957
       Rapier            |       |       |       |   280 ||   280
Throw: Javelin           |     2 |     2 |    12 |    17 ||    33
       Tomahawk          |       |       |       |    10 ||    10
 Abil: Breathe Fire      |       |       |    13 |    22 ||    35
       Evoke Berserk Rag |       |       |     1 |     4 ||     5
Evoke: Wand              |       |     1 |       |       ||     1
       Lightning rod     |       |       |       |     1 ||     1
  Use: Scroll            |    17 |     2 |     7 |     8 ||    34
       Potion            |     3 |     7 |     3 |     4 ||    17
 Stab: Sleeping          |       |     1 |       |       ||     1
  Eat: Chunk             |     2 |     4 |    13 |    24 ||    43
       Fruit             |       |     2 |     1 |     3 ||     6
       Royal jelly       |       |       |     1 |       ||     1
       Meat ration       |       |       |       |     3 ||     3
Armor: Skin              |    24 |    61 |    19 |    34 ||   138
Dodge: Dodged            |    50 |    39 |   165 |   271 ||   525
Block: Shield            |    53 |    85 |   179 |   515 ||   832
       Rpst.: Long sword |    16 |     3 |       |       ||    19
       Falchion          |       |     5 |    42 |    44 ||    91
